 Dungeon Crawl Stone Soup version 0.18.1-50-g88ac8fd (webtiles) character file.

168 therealfakemoot the Cudgeler (level 5, -4/32 HPs)
             Began as a Gargoyle Fighter on Oct 5, 2016.
             Killed by nerve-wracking pain
             ... invoked by Grinder
              (14 damage)
             ... on level 3 of the Dungeon.
             The game lasted 00:08:57 (2273 turns).

therealfakemoot the Cudgeler (Gargoyle Fighter)     Turns: 2273, Time: 00:08:58

Health: -4/32      AC: 10    Str: 21    XL:     5   Next: 48%
Magic:  5/5        EV:  8    Int:  8    God:
Gold:   114        SH:  9    Dex:  9    Spells: 0 memorised, 4 levels left

rFire  . . .     SeeInvis .     a - +0 flail
rCold  . . .     Gourm    .     b - +0 scale mail
rNeg   + . .     Faith    .     c - +0 shield
rPois  ∞         Spirit   .     (no helmet)
rElec  +         Dismiss  .     (no cloak)
rCorr  .         Reflect  .     (no gloves)
SustAt .         Harm     .     (no boots)
MR     .....                    (no amulet)
Stlth  ..........               (no ring)
                                (no ring)

@: not resistant to hostile enchantments, extremely unstealthy
A: negative energy resistance 1, electricity resistance, unbreathing,
petrification resistance, rot immunity, AC +4
a: no special abilities


You were on level 3 of the Dungeon.
You were not hungry.

You visited 1 branch of the dungeon, and saw 3 of its levels.

You collected 114 gold pieces.

Inventory:

Hand Weapons
 a - a +0 flail (weapon)
Armour
 b - a +0 scale mail (worn)
 c - a +0 shield (worn)
Scrolls
 e - 2 scrolls of fear {unknown}
 h - 3 scrolls of identify {unknown}
 i - a scroll of enchant armour {unknown}
 l - a scroll of random uselessness {unknown}
 n - a scroll of enchant weapon {unknown}
 p - 2 scrolls of remove curse {unknown}
 r - a scroll of immolation {unknown}
Potions
 d - a potion of might
 k - 3 potions of curing {unknown}
 m - a potion of agility {unknown}
 q - 2 potions of degeneration {unknown}
 t - 2 potions of magic {unknown}
 u - 2 potions of heal wounds {unknown}
Comestibles
 f - 2 bread rations
 g - 7 chunks of flesh
 j - a beef jerky
 o - a slice of pizza
 s - a meat ration


   Skills:
 - Level 3.2 Fighting
 + Level 3.6 Maces & Flails
 - Level 3.2 Armour
 + Level 3.1 Dodging
 + Level 0.5 Stealth
 - Level 3.2 Shields


You had 4 spell levels left.
You didn't know any spells.

Dungeon Overview and Level Annotations

Branches:
Dungeon (3/15)

Altars:
Trog

Annotations:
D:3 Grinder


Innate Abilities, Weirdness & Mutations

You are resistant to torment.
Your stone body is resilient (AC +4).
You are immune to poison.
You resist negative energy.
You are resistant to electric shocks.
You can survive without breathing.
You are immune to petrification.
You are immune to rotting.


Message History

Something tries to affect you, but you resist.
You barely miss something. Pain shoots through your body!
You closely miss something. Pain shoots through your body!
You barely miss something.
Something tries to affect you, but you resist.
Something hits you but does no damage.
You closely miss something. You block something's attack.
You closely miss something. Something hits you but does no damage.
You miss something. Something hits you.
Something tries to affect you, but you resist.
You closely miss something. Something hits you but does no damage.
You miss something.
Something tries to affect you, but you resist.
Found a stone staircase leading up.
There is a stone staircase leading down here.
Something hits you.
* * * LOW HITPOINT WARNING * * *
You closely miss something.
Something hits you but does no damage. x2
You hit something. Pain shoots through your body!
You die...

# ####.# # #....#
.#. #.# ....# #@#
.<..####### #.#
..........# #.#
#.# #.......###.#
..#.##.##....>...#
. #....##.##.#####
######....##.#
..#..........#
..#.##.......#


There were no monsters in sight!

Vanquished Creatures
  10 adders
  6 worms (D:2)
  A giant gecko (D:2)
  3 giant cockroaches
  3 goblins (D:1)
  7 hobgoblins
  11 jackals
  6 kobolds
  A quokka (D:2)
  A ball python (D:1)
  6 bats
  A giant newt (D:2)
  8 rats
64 creatures vanquished.

Notes
Turn   | Place    | Note
--------------------------------------------------------------
     0 | D:1      | therealfakemoot the Gargoyle Fighter began the quest for the Orb.
     0 | D:1      | Reached XP level 1. HP: 14/14 MP: 1/1
   295 | D:1      | Reached XP level 2. HP: 19/19 MP: 2/2
   556 | D:1      | Reached skill level 1 in Dodging
   954 | D:2      | Reached XP level 3. HP: 23/23 MP: 3/3
  1300 | D:2      | Noticed a moth of wrath
  1303 | D:2      | Found a bloodstained altar of Trog.
  1325 | D:2      | Reached XP level 4. HP: 28/28 MP: 4/4
  1757 | D:2      | Reached XP level 5. HP: 25/32 MP: 5/5
  2237 | D:3      | Noticed Grinder
  2273 | D:3      | Killed from afar by Grinder

Skill      XL: |  1  2  3  4  5 |
---------------+----------------+-----
Dodging        | 1 2 3 |  3.1
Maces & Flails | 3 |  3.6
Fighting       | |  3.2
Armour         | |  3.2
Stealth        | |  0.5
Shields        | |  3.2

Action                   |  1- 3 |  4- 6 || total
-------------------------+-------+-------++-------
Melee: Flail             |   130 |   203 ||   333
  Eat: Chunk             |     2 |     3 ||     5
Armor: Scale mail        |    81 |    95 ||   176
Dodge: Dodged            |    52 |    62 ||   114
Block: Shield            |    81 |    96 ||   177
